 Dungeon Crawl Stone Soup version 0.30.1-3-gfc49f6343a (webtiles) character file.

Game seed: 13998448917868969505

53759 cheesebisquit the Brawler (level 14, -9/144 HPs)
             Began as a Troll Fighter on July 22, 2023.
             Was the Champion of Wu Jian.
             Mangled by a sixfirhy (10 damage)
             ... summoned by an orc sorcerer
             ... while paralysed by an orc sorcerer
             ... on level 2 of the Orcish Mines on July 23, 2023.
             The game lasted 00:55:11 (15953 turns).

cheesebisquit the Brawler (Troll Fighter)          Turns: 15953, Time: 00:55:12

Health: -9/144     AC:  8    Str: 33    XL:     14   Next: 32%
Magic:  13/13      EV:  1    Int:  8    God:    Wu Jian [******]
Gold:   582        SH:  0    Dex: 15    Spells: 13/13 levels left

rFire   + .          .
                       - Unarmed
rCold   . . .        L - +2 tower shield {rF+}
rNeg    . . .        T - +0 troll leather armour
rPois   .            (helmet restricted)
rElec   .            S - +1 cloak
rCorr   .            (gloves unavailable)
SInv    +            (boots unavailable)
Will    +....        p - amulet of reflection
Stlth   +            H - +6 ring of strength
HPRegen 2.04/turn    V - ring of Zostahor {Dex+6 SInv}
MPRegen 0.13/turn

%: reflection
@: paralysed, lethally poisoned (-9 -> -11)
A: large, unfitting armour, claws 3, regeneration 1, shaggy fur 1, tough skin 1
a: Renounce Religion, Wall Jump, Serpent's Lash, Heavenly Storm


You were on level 2 of the Orcish Mines.
You worshipped Wu Jian.
Wu Jian was exalted by your worship.
You visited 4 branches of the dungeon, and saw 20 of its levels.
You also visited: Ice Cave and Volcano.

You collected 1290 gold pieces.
You spent 708 gold pieces at shops.

Inventory:

Hand Weapons
 b - a +6 morningstar of freezing
 g - a +2 dagger of venom
 X - a +0 eveningstar
Missiles
 j - 27 poisoned darts (quivered)
 s - 3 javelins
 v - 9 curare-tipped darts
 A - 3 boomerangs
 P - 13 large rocks
Armour
 D - +0 steam dragon scales
 G - a +4 kite shield
 J - a +0 robe of the Archmagi
 L - a +2 tower shield of fire resistance (worn)
 S - a +1 cloak (worn)
 T - a +0 troll leather armour (worn)
Jewellery
 o - a ring of willpower
 p - an amulet of reflection (around neck)
 H - a +6 ring of strength (left claw)
 I - a ring of flight
 N - a ring of fire
 V - the ring of Zostahor (right claw) {Dex+6 SInv}
   (You bought it in a shop on level 8 of the Dungeon)

   [ring of dexterity]

   Dex:       It affects your dexterity (+6).
   SInv:      It lets you see invisible.
 Y - an amulet of the acrobat
Wands
 a - a wand of charming (5)
 y - a wand of quicksilver (2)
 M - a wand of roots (12)
 U - a wand of polymorph (13)
 W - a wand of mindburst (22)
Scrolls
 e - a scroll of amnesia {unknown}
 m - 7 scrolls of immolation
 n - 4 scrolls of fog
 q - 8 scrolls of teleportation
 r - 3 scrolls of magic mapping
 t - a scroll of blinking
 x - 2 scrolls of poison
 C - a scroll of vulnerability
 E - a scroll of torment
 F - a scroll of butterflies
 R - a scroll of silence {unknown}
 Z - a scroll of enchant weapon
Potions
 c - 5 potions of might
 d - 5 potions of haste
 f - 6 potions of resistance
 h - 4 potions of attraction
 i - 4 potions of curing
 k - 3 potions of flight
 l - 5 potions of lignification
 u - 2 potions of heal wounds
 w - a potion of ambrosia
 z - 2 potions of magic
 B - 3 potions of mutation
 K - 3 potions of brilliance
 O - a potion of degeneration
 Q - 2 potions of cancellation


   Skills:
 + Level 10.4 Fighting
 + Level 9.1 Dodging
 + Level 11.2 Shields
 * Level 16.5 Unarmed Combat


You had 13 spell levels left.
You didn't know any spells.
Your spell library contained the following spells:

 Spells                   Type           Power      Damage    Failure   Level
 Apportation              Tloc           0%         N/A       75%         1
 Magic Dart               Conj           0%         1d3       75%         1
 Sandblast                Erth           0%         2d4       75%         1
 Call Imp                 Summ           0%         N/A       87%         2
 Lesser Beckoning         Tloc           0%         N/A       87%         2
 Passwall                 Tmut/Erth      0%         N/A       87%         2
 Gell's Gravitas          Tloc           0%         N/A       98%         3
 Mephitic Cloud           Conj/Pois/Air  0%         N/A       98%         3
 Stone Arrow              Conj/Erth      0%         3d7       98%         3
 Teleport Other           Tloc           0%         N/A       98%         3
 Tukima's Dance           Hex            0%         N/A       98%         3
 Volatile Blastmotes      Fire/Tloc      0%         2d10      98%         3
 Animate Armour           Summ/Erth      0%         N/A       100%        4
 Animate Dead             Necr           0%         N/A       100%        4
 Fulminant Prism          Conj/Hex       0%         3d5       100%        4
 Iskenderun's Mystic Bla  Conj/Tloc      0%         2d3       100%        4
 Manifold Assault         Tloc           0%         N/A       100%        4
 Olgreb's Toxic Radiance  Pois           0%         N/A       100%        4
 Passage of Golubria      Tloc           0%         N/A       100%        4
 Summon Lightning Spire   Summ/Air       0%         N/A       100%        4
 Agony                    Necr           0%         N/A       100%        5
 Alistair's Intoxication  Tmut/Pois      0%         N/A       100%        5
 Blade Hands              Tmut           0%         N/A       100%        5
 Lee's Rapid Deconstruct  Erth           0%         3d4*      100%        5
 Yara's Violent Unravell  Hex/Tmut       0%         3d3       100%        5
 Dispersal                Tloc           0%         N/A       100%        6
 Iron Shot                Conj/Erth      0%         9d1       100%        6
 Discord                  Hex            0%         N/A       100%        8
 Disjunction              Tloc           0%         N/A       100%        8
 Ignition                 Fire           0%         3d3       100%        8


Dungeon Overview and Level Annotations

Branches:
Dungeon (12/15)            Temple (1/1) D:5            Lair (5/5) D:10
 Shoals (0/4) Lair:2       Spider (0/4) Lair:2        Slime (0/5) Lair:4
    Orc (2/2) D:11          IceCv (visited)         Volcano (visited)
    Elf: Orc:2

Altars:
Ashenzari
Cheibriados
Dithmenos
Elyvilon
Fedhas
Gozag
Hepliaklqana
Kikubaaqudgha
Makhleb
Nemelex Xobeh
Okawaru
Qazlal
Ru
Sif Muna
Trog
Uskayaw
Vehumet
Wu Jian
Xom
Yredelemnul
Zin
The Shining One
Jiyva

Shops:
D:8 =

Annotations:
Orc:2 Nessos


Innate Abilities, Weirdness & Mutations

You are too large for most types of armour.
You have claws for hands.
Your natural rate of healing is unusually fast.
You are covered in fur. (AC +1)
You have tough skin. (AC +1)


Message History

The arrow burns you. The ufetubus closely misses you. x2
The ynoxinul gestures.
The orange demon stings you from afar! You block the ufetubus's attack.
The ufetubus closely misses you. The ufetubus misses you.
You block the ufetubus's attack.
You climb upwards.
There is a stone staircase leading down, spattered with blood here.
You start resting.
HP restored.
You climb downwards.
Level annotation: Nessos Nessos mumbles some strange words.
Nessos blinks!
The orc sorcerer gestures at you while chanting.
You suddenly lose the ability to move!
Nessos gestures wildly while chanting.
Nessos blinks!
The sun demon hits you but does no damage.
The orc priest miscasts a cantrip.
The sun demon hits you!!
You are engulfed in flames.
You resist.
Nessos shoots an arrow.
The arrow hits you! The arrow burns you.
You are poisoned.
You feel very sick. The sixfirhy hits you. The sixfirhy shocks you!
The sixfirhy hits you but does no damage.
Nessos mumbles some strange words.
Nessos blinks!
The sun demon hits you!
You are engulfed in flames.
You resist. The sixfirhy hits you. The sixfirhy shocks you!
The orc priest calls down the wrath of Beogh upon you.
Beogh smites you!
* * * LOW HITPOINT WARNING * * *
You feel very sick. The sixfirhy hits you!
* * * LOW HITPOINT WARNING * * *
The sixfirhy shocks you!
* * * LOW HITPOINT WARNING * * *
The sixfirhy hits you!
* * * LOW HITPOINT WARNING * * *
The sixfirhy shocks you!
You die...

#$.......#
.#..
....ยง##
........o..
.<...#..#.#
#....o.)..##
.....3o....#
.....c.3...#
.......@...#
.......3o..#
...........#
$..........#
.....#....##
......#....
.... ......#
...........#


You could see Nessos, an orc high priest, a sun demon (summoned), a sixfirhy
(summoned), a smoke demon (summoned), an orc sorcerer, an orc warrior and an orc
priest.

Vanquished Creatures
  The ghost of Kranky the Fighter, a journeyman MiBe of Trog (D:11)
  3 hydras
  3 two-headed ogres
  3 skysharks
  3 fire crabs
  A pharaoh ant (Lair:2)
  A lindwurm (Volcano)
  A deep elf pyromancer (D:12)
  Pikel (D:9)
  2 ugly things (D:12)
  3 cyclopes
  9 elephants
  A water nymph (Lair:2)
  2 molten gargoyles (Volcano)
  3 black mambas
  Joseph (D:9)
  A gargoyle (D:12)
  A torpor snail (Lair:1)
  8 cane toads
  2 unseen horrors
  An ice statue (D:9)
  A rime drake (Lair:2)
  6 komodo dragons
  10 polar bears
  4 trolls
  Grinder (D:4)
  14 blink frogs
  A tyrant leech (D:12)
  5 hornets
  A jumping spider (Lair:2)
  11 slime creatures
  3 dream sheep (Lair:5)
  14 spriggans (Lair:5)
  30 yaks
  A shadow (D:11)
  8 fire bats
  5 wyverns
  3 steam dragons
  3 basilisks
  A redback (Lair:2)
  Grum (D:11)
  Menkaure (D:6)
  2 vampire mosquitoes (D:11)
  2 wargs (D:10)
  20 water moccasins
  2 swamp worms (D:12)
  An acid dragon (D:10)
  2 hell hounds (Volcano)
  10 orc warriors
  4 ice beasts
  4 boggarts (Lair:5)
  3 black bears (Lair:5)
  3 centaurs
  33 wolves
  2 ogres (Orc:1)
  4 kobold brigands
  4 gnoll sergeants
  10 bullfrogs
  A cane toad simulacrum (IceCv)
  A scorpion (D:6)
  20 wights
  An elephant simulacrum (IceCv)
  6 killer bees (D:10)
  2 howler monkeys
  6 lava snakes (Volcano)
  A gnoll bouda (D:6)
  3 jellies
  8 orc priests
  7 hounds
  A sleepcap (D:5)
  2 iguanas
  12 orc wizards
  A polar bear simulacrum (IceCv)
  A troll simulacrum (IceCv)
  2 wolf simulacra (IceCv)
  30 gnolls
  6 adders
  5 white imps
  An ufetubus (D:6)
  2 worms (D:3)
  4 dart slugs
  38 orcs
  3 ball pythons
  6 bats
  8 endoplasms
  2 giant cockroaches
  3 goblins
  7 hobgoblins
  4 jackals (D:1)
  5 frilled lizards
  19 kobolds
  10 rats
509 creatures vanquished.

Vanquished Creatures (others)
  A gnoll (D:12)
  An orc (Orc:2)
2 creatures vanquished.

Grand Total: 511 creatures vanquished

Notes
Turn   | Place    | Note
-------+----------+-------------------------------------------
     0 | D:1      | cheesebisquit the Troll Fighter began the quest for the
                  | Orb.
     0 | D:1      | Reached XP level 1. HP: 22/22 MP: 0/0
   180 | D:1      | Reached XP level 2. HP: 29/29 MP: 1/1
   876 | D:2      | Reached XP level 3. HP: 36/36 MP: 2/2
   886 | D:2      | Reached skill level 3 in Unarmed Combat
  1169 | D:2      | Reached XP level 4. HP: 41/44 MP: 3/3
  1960 | D:3      | You fall into a shaft and drop 3 floors!
  2094 | D:6      | Noticed Menkaure
  2101 | D:6      | Reached skill level 4 in Unarmed Combat
  2101 | D:6      | Reached XP level 5. HP: 53/53 MP: 4/4
  2112 | D:6      | Killed Menkaure
  2113 | D:6      | Reached XP level 6. HP: 8/61 MP: 0/5
  2181 | D:5      | Entered Level 5 of the Dungeon
  2252 | D:5      | Noticed an ice beast
  2255 | D:5      | Killed an ice beast
  2256 | D:5      | Reached skill level 5 in Unarmed Combat
  2273 | D:5      | Noticed an ice beast
  2277 | D:5      | Killed an ice beast
  2283 | D:5      | Reached XP level 7. HP: 66/68 MP: 6/6
  2326 | D:5      | Reached skill level 6 in Unarmed Combat
  3021 | D:4      | Found a hazy altar of Hepliaklqana.
  3323 | D:4      | Noticed Grinder
  3329 | D:4      | Paralysed by Grinder for 5 turns
  3336 | D:4      | Killed Grinder
  3583 | D:4      | Reached XP level 8. HP: 66/79 MP: 7/7
  3840 | D:5      | Found a staircase to the Ecumenical Temple.
  3843 | D:5      | Reached skill level 5 in Shields
  3853 | Temple   | Entered the Ecumenical Temple
  4051 | Temple   | Became a worshipper of the Wu Jian Council
  4163 | D:5      | Reached skill level 7 in Unarmed Combat
  4578 | D:6      | Reached skill level 5 in Fighting
  4601 | D:6      | Reached skill level 8 in Unarmed Combat
  5035 | D:7      | Found a glowing golden altar of the Shining One.
  5101 | D:7      | Reached XP level 9. HP: 57/86 MP: 8/8
  5172 | D:7      | Reached * piety under Wu Jian
  5379 | D:7      | Reached skill level 9 in Unarmed Combat
  5616 | D:8      | Paralysed by a hornet for 1 turns
  5698 | D:8      | Found Vugud's Jewellery Shop.
  6097 | D:9      | Noticed a two-headed ogre
  6109 | D:9      | Killed a two-headed ogre
  6110 | D:9      | Reached skill level 10 in Unarmed Combat
  6110 | D:9      | Reached XP level 10. HP: 56/100 MP: 9/9
  6192 | D:9      | Reached ** piety under Wu Jian
  6280 | D:9      | Got Tuczu's Elucidation of Windy Darkness
  6305 | D:9      | Noticed Pikel
  6332 | D:9      | Killed Pikel
  6425 | D:9      | Noticed Joseph
  6431 | D:9      | Noticed an ice statue
  6433 | D:9      | Killed Joseph
  6622 | D:9      | Reached skill level 11 in Unarmed Combat
  6813 | D:9      | Killed an ice statue
  6878 | D:10     | Entered Level 10 of the Dungeon
  6979 | D:10     | Reached *** piety under Wu Jian
  6989 | D:10     | Reached skill level 5 in Dodging
  7122 | D:10     | Reached XP level 11. HP: 79/109 MP: 10/10
  7202 | D:10     | Found a staircase to the Lair.
  7625 | D:10     | Reached skill level 12 in Unarmed Combat
  7669 | D:10     | Reached **** piety under Wu Jian
  7914 | D:11     | Noticed Grum
  7981 | D:11     | Killed Grum
  8062 | D:11     | Found a staircase to the Orcish Mines.
  8339 | D:11     | Found a runed translucent gate.
  8339 | D:11     | Found a runed translucent gate.
  8343 | D:11     | Found a runed translucent gate.
  8347 | D:11     | Noticed Kranky's ghost (journeyman MiBe)
  8574 | D:12     | Found a frozen archway.
  8583 | IceCv    | Entered an ice cave
  8774 | D:12     | Noticed a green ugly thing
  8787 | D:12     | Killed a green ugly thing
  8868 | D:12     | Noticed a deep elf pyromancer
  8877 | D:12     | Killed a deep elf pyromancer
  9001 | D:12     | Noticed a two-headed ogre
  9019 | D:12     | Killed a two-headed ogre
  9020 | D:12     | Reached skill level 13 in Unarmed Combat
  9147 | D:12     | Noticed a two-headed ogre
  9151 | D:12     | Killed a two-headed ogre
  9152 | D:12     | Reached XP level 12. HP: 97/120 MP: 11/11
  9675 | Lair:1   | Entered Level 1 of the Lair of Beasts
  9823 | Lair:1   | Identified the ring of Qoasussu {*Slow Will+ Int+6}
  9966 | Lair:1   | Reached ***** piety under Wu Jian
 10422 | Lair:2   | Reached skill level 14 in Unarmed Combat
 10745 | Lair:2   | Reached XP level 13. HP: 81/131 MP: 12/12
 10934 | Lair:2   | Found a hole to the Spider Nest.
 10944 | Lair:2   | Reached skill level 10 in Shields
 11564 | D:8      | Bought the ring of Zostahor {Dex+6 SInv} for 708 gold
                  | pieces
 11813 | Lair:3   | Reached skill level 15 in Unarmed Combat
 12209 | Lair:3   | HP: 4/131 [13-headed hydra (8)]
 12209 | Lair:3   | HP: 1/131 [13-headed hydra (3)]
 12691 | Lair:4   | Found a dark tunnel.
 12707 | Volcano  | Entered a volcano
 13031 | Volcano  | Found a radiant altar of Vehumet.
 13621 | Lair:4   | Reached ****** piety under Wu Jian
 13681 | Lair:4   | Found a staircase to the Slime Pits.
 13687 | Lair:4   | Found a viscous altar of Jiyva.
 14033 | Lair:5   | Entered Level 5 of the Lair of Beasts
 14329 | Lair:5   | Reached skill level 10 in Fighting
 14490 | Lair:5   | Reached skill level 16 in Unarmed Combat
 14716 | Lair:5   | Reached XP level 14. HP: 143/143 MP: 13/13
 15649 | D:11     | Killed Kranky's ghost
 15734 | Orc:1    | Entered Level 1 of the Orcish Mines
 15793 | Orc:2    | Entered Level 2 of the Orcish Mines
 15821 | Orc:2    | Noticed Nessos
 15951 | Orc:2    | Paralysed by an orc sorcerer for 4 turns
 15953 | Orc:2    | HP: 1/144 [sixfirhy[an orc sorcerer] (8)]
 15953 | Orc:2    | Mangled by a sixfirhy

Illustrated notes

Levels and vault maps discovered:
D:1:      minmay_arrival_checkered_box, layout_loops_corners,
          serial_bayou_lagoon_a, hangedman_decor_opposing
D:2:      layout_basic
D:3:      layout_basic
D:4:      layout_cave_pods, general_overflow_altar, uniq_grinder
D:5:      layout_gridville, minmay_temple_entry_statues_fountains,
          dreamdust_mushroom_princess, minmay_chambers_of_fives
D:6:      layout_loops_ring, dk_vineyard_2, grunt_tough_drop, uniq_menkaure
D:7:      layout_basic, mainiacjoe_overflow_six_doors_small
D:8:      layout_cave_pools, minmay_shop_enchanted_jewellery,
          corexii_hall_statues_l
D:9:      layout_rooms, minivault_16, uniq_joseph, uniq_pikel
D:10:     layout_irregular_city, erik_lair_orcish_takeover,
          small_statue_intersection
D:11:     layout_gridville, orc_0_dummy, biasface_ghost_orc_armoury, uniq_grum
D:12:     layout_rooms, portal_ice_cave_entry_pillars_2, minmay_door_square,
          worms_lemuel
Temple:   nicolae_temple_bog_church
Lair:1:   layout_concentric_octagons
Lair:2:   layout_regular_city, nicolae_shoals_entry_flooding,
          nicolae_spider_entry_lesser_pyramids
Lair:3:   layout_big_grid
Lair:4:   layout_loops_ring, minmay_slime_entry_pillars,
          nicolae_volcano_entry_batcave
Lair:5:   minmay_lair_end_enchanted_forest, layout_hall_layers,
          gauntlet_entry_generic
Orc:1:    cheibrodos_orc_arena, layout_diamond_mine, basic_altar, uniq_snorg
Orc:2:    st_orc_elflike, layout_caves, uniq_nessos

Skill      XL: |  1  2  3  4  5  6  7  8  9 10 11 12 13 14 |
---------------+-------------------------------------------+-----
Shields        | 3 4 6 7 9 10 11 | 11.2
Unarmed Combat | 3 4 5 6 8 10 11 13 14 16 | 16.5
Fighting       | 3 4 5 6 7 8 9 10 | 10.4
Dodging        | 4 5 6 7 8 9 |  9.1

Action                     |  1- 3 |  4- 6 |  7- 9 | 10-12 | 13-15 || total
---------------------------+-------+-------+-------+-------+-------++-------
  Melee: Unarmed           |    70 |    61 |   278 |   697 |   550 ||  1656
         Morningstar       |       |       |       |       |     5 ||     5
  Throw: Dart              |     5 |     2 |     6 |    21 |    94 ||   128
         Throwing net      |       |       |     3 |     1 |       ||     4
         Boomerang         |       |       |       |    17 |    24 ||    41
         Large rock        |       |       |       |       |     8 ||     8
         Javelin           |       |       |       |       |     4 ||     4
Ability: Lunge             |       |       |    12 |    45 |    46 ||   103
         Whirlwind         |       |       |     1 |    18 |    11 ||    30
  Evoke: Wand              |       |     7 |       |       |       ||     7
    Use: Potion            |       |     1 |     6 |       |    12 ||    19
         Scroll            |       |       |    13 |    11 |    20 ||    44
   Stab: Held in net/web   |       |       |     2 |       |       ||     2
         Invisible         |       |       |       |       |     2 ||     2
 Armour: Robe              |    14 |    14 |    25 |       |       ||    53
         Steam dragon scal |       |       |     6 |   118 |    73 ||   197
         Troll leather arm |       |       |       |       |    16 ||    16
  Dodge: Dodged            |    16 |    21 |    61 |   153 |   146 ||   397
  Block: Kite shield       |    27 |    21 |   156 |   482 |   169 ||   855
         Reflection        |       |       |     4 |    14 |     4 ||    22
         Tower shield      |       |       |       |       |   403 ||   403
